 Dungeon Crawl Stone Soup version 0.26.1-11-gd32895ea62 (webtiles) character file.

Game seed: 86242941537926432

6336 Descartes the Fighter (level 11, -9/90 HPs)
             Began as a Formicid Fighter on June 12, 2021.
             Mangled by Erolcha
             ... wielding a +0 giant club
              (19 damage)
             ... on level 9 of the Dungeon.
             The game lasted 00:27:07 (12864 turns).

Descartes the Fighter (Formicid Fighter)           Turns: 12864, Time: 00:27:08

Health: -9/90      AC: 12    Str: 20      XL:     11   Next: 16%
Magic:  11/11      EV:  9    Int: 11      God:
Gold:   572        SH: 11    Dex:  9 (11) Spells: 7/10 levels left

rFire    . . .     SeeInvis +   Y - +1 trident of the Twenty Persimmons {distort, rElec rPois rN+} (curse)
rCold    + . .     Faith    .   c - +0 kite shield
rNeg     + . .     Spirit   .   b - +0 scale mail
rPois    +         Reflect  .   (helmet unavailable)
rElec    +         Harm     .   j - +0 cloak
rCorr    .         Rampage  .   (no gloves)
Will     +....                  p - +1 pair of boots
Stlth    ..........             l - amulet of the acrobat
HPRegen  0.25/turn              y - ring of protection from cold
MPRegen  0.12/turn              P - ring of flight

@: very slightly contaminated, invisible
A: permanent stasis, dig shafts and tunnels, four strong arms, antennae 3
a: Dig, Shaft Self, Evoke Flight


You were on level 9 of the Dungeon.
You visited 1 branch of the dungeon, and saw 9 of its levels.
You also visited: Sewer and Ossuary.

You collected 572 gold pieces.

Inventory:

Hand Weapons
 q - a +2 whip of venom
 r - a +2 short sword of flaming
 B - a +2 dagger of venom
 J - a +0 longbow
 R - a cursed +1 scimitar
 Y - the cursed +1 trident of the Twenty Persimmons (weapon) {distort, rElec rPois rN+}
   (You found it on level 9 of the Dungeon)

   It warps and distorts space around it.
   Unwielding it can cause banishment or high damage.
   It insulates you from electricity.
   It protects you from poison.
   It protects you from negative energy.
   It has a curse placed upon it.
 Z - a +4 spear of freezing
Missiles
 n - 9 boomerangs
 o - 447 stones
 t - 2 throwing nets
 z - 8 sling bullets
 C - 2 silver boomerangs
 E - 167 arrows
 H - 3 javelins
 Q - 45 poisoned darts
Armour
 b - a +0 scale mail (worn)
 c - a +0 kite shield (worn)
 j - a +0 cloak (worn)
 p - a +1 pair of boots (worn)
Jewellery
 f - an uncursed amulet of guardian spirit
 l - an amulet of the acrobat (around neck)
 y - a ring of protection from cold (left hand)
 P - a ring of flight (right hand)
Wands
 V - a wand of polymorph (6)
 X - a wand of iceblast (6)
Scrolls
 e - 4 scrolls of enchant weapon
 h - 4 scrolls of fog
 k - 7 scrolls of identify
 m - 9 scrolls of teleportation
 u - 11 scrolls of remove curse
 w - 4 scrolls of random uselessness
 x - 3 scrolls of amnesia
 F - a scroll of blinking
 N - 2 scrolls of noise {unknown}
 O - a scroll of fear {unknown}
 S - a scroll of magic mapping
 T - a scroll of immolation {unknown}
Potions
 d - 4 potions of might
 g - 4 potions of ambrosia
 i - 3 potions of heal wounds
 s - 5 potions of flight
 A - 4 potions of brilliance {unknown}
 I - 5 potions of attraction {unknown}
 K - a potion of degeneration {unknown}
 L - a potion of berserk rage {unknown}
 M - 2 potions of haste
 U - 2 potions of curing


   Skills:
 - Level 10.0 Fighting
 - Level 8.9 Long Blades
 - Level 9.0 Armour
 - Level 9.0 Shields
 + Level 3.8 Evocations


You had 7 spell levels left.
You knew the following spells:

 Your Spells              Type           Power        Failure   Level
a - Dazzling Flash        Conj/Hex       0%           95%         3

Your spell library contained the following spells:

 Spells                   Type           Power        Failure   Level
 Beastly Appendage        Tmut           0%           65%         1
 Magic Dart               Conj           0%           65%         1
 Shock                    Conj/Air       0%           65%         1
 Call Imp                 Summ           0%           78%         2
 Searing Ray              Conj           0%           78%         2
 Slow                     Hex            0%           78%         2
 Wereblood                Tmut           0%           78%         2
 Conjure Flame            Conj/Fire      0%           95%         3
 Mephitic Cloud           Conj/Pois/Air  0%           95%         3
 Spider Form              Tmut/Pois      0%           95%         3
 Static Discharge         Conj/Air       0%           95%         3
 Airstrike                Air            0%           100%        4
 Fulminant Prism          Conj/Hex       0%           100%        4
 Ice Form                 Ice/Tmut       0%           100%        4
 Iskenderun's Mystic Bla  Conj/Tloc      0%           100%        4
 Blade Hands              Tmut           0%           100%        5
 Lightning Bolt           Conj/Air       0%           100%        5
 Blink                    Tloc           Unusable     N/A         2
 Swiftness                Air            Unusable     N/A         2

Dungeon Overview and Level Annotations

Branches:
Dungeon (9/15)             Temple (0/1) D:7           Sewer (visited)
Ossuary (visited)
   Lair: D:8-11         Orc: D:9-12

Altars:
Ashenzari
Elyvilon
Hepliaklqana
Kikubaaqudgha
Makhleb
Nemelex Xobeh
Okawaru
Ru
Trog
Vehumet
Wu Jian
The Shining One

Shops:
D:4 *

Annotations:
D:9 Erolcha


Innate Abilities, Weirdness & Mutations

You cannot be hasted, slowed, berserked, paralysed or teleported.
You can dig through walls and to a lower floor.
Your four strong arms can wield two-handed weapons with a shield.
You have a pair of large antennae on your head. (SInv)


Message History

The orc barely misses you.
You closely miss Erolcha.
Erolcha is almost dead.
Erolcha points at you and mumbles some strange words.
The bolt of cold hits you! You resist.
* * * LOW HITPOINT WARNING * * *
The bolt of cold hits the orc!
The orc dies!
The orc completely misses you.
You hit Erolcha.
Erolcha is almost dead.
Erolcha points at you and mumbles some strange words.
The bolt of cold hits you! You resist.
* * * LOW HITPOINT WARNING * * *
Erolcha gestures at you while chanting.
You easily resist.
You block the orc's attack.
You hit Erolcha.
Erolcha is almost dead.
Erolcha hits you with a +0 giant club!!
You die...

...#
#...#####.............##'
...#
#.......#................
...#
#.......################.
...# #............ .. { {#.
.†.######........... .. ##
.).)...............# '###
†)†................# ...#
..#####........Oo..# ...#
..#...#.........@..# ...
..'...#..........).###'###...
..#...#................).....
..#+###......................
..........................###
......#####################
......# ......# ###...#


You could see Erolcha (fast) and an orc.

Vanquished Creatures
  An unseen horror (D:6)
  A kobold demonologist (D:6)
  A yak (D:6)
  Grum (D:8)
  An ice beast (D:9)
  An orc warrior (D:9)
  2 phantoms (D:4)
  4 sky beasts
  A black bear (D:8)
  2 wolves (D:7)
  7 centaurs
  2 eyes of draining (D:7)
  4 ogres
  2 big kobolds (D:9)
  2 elf zombies
  3 bullfrogs
  A water moccasin skeleton (D:7)
  A scorpion (D:5)
  9 wights
  7 killer bees (D:8)
  A troll skeleton (D:7)
  A howler monkey (D:4)
  A quasit (D:9)
  2 jellies
  7 orc priests
  A bullfrog zombie (D:7)
  6 hounds
  8 human zombies
  A centaur skeleton (D:7)
  A human skeleton (D:7)
  2 iguanas
  6 worker ants
  11 orc wizards
  Terence (D:3)
  A big kobold zombie (Ossuary)
  A hound zombie (D:9)
  2 hound skeletons
  6 mummies
  15 gnolls
  8 adders
  3 white imps
  2 ufetubi
  5 oozes
  An adder zombie (Ossuary)
  2 adder skeletons
  9 worms
  3 dart slugs
  15 leopard geckos
  37 orcs
  3 ball pythons
  5 giant cockroaches
  A gnoll zombie (Ossuary)
  5 goblins
  3 hobgoblins
  14 jackals
  12 kobolds
  4 quokkas
  13 bats
  A frilled lizard (Sewer)
  A giant cockroach zombie (D:5)
  4 jackal zombies (Ossuary)
  A leopard gecko zombie (D:5)
  An orc zombie (Ossuary)
  A quokka skeleton (D:4)
  6 rats
  2 rat zombies (Ossuary)
289 creatures vanquished.

Vanquished Creatures (others)
  2 orcs (D:9)
  A plant (D:1)
3 creatures vanquished.

Grand Total: 292 creatures vanquished

Notes
Turn   | Place    | Note
-------+----------+-------------------------------------------
     0 | D:1      | Descartes the Formicid Fighter began the quest for the Orb.
     0 | D:1      | Reached XP level 1. HP: 18/18 MP: 1/1
    95 | D:1      | Reached XP level 2. HP: 16/24 MP: 2/2
   428 | D:1      | Reached XP level 3. HP: 25/29 MP: 3/3
   624 | D:1      | Reached skill level 5 in Shields
   954 | D:2      | Reached XP level 4. HP: 35/35 MP: 4/4
  1089 | D:2      | Found a glowing golden altar of the Shining One.
  1154 | D:2      | Found a faded altar of an unknown god.
  1516 | D:2      | Found a white marble altar of Elyvilon.
  2130 | D:3      | Reached XP level 5. HP: 22/41 MP: 5/5
  2355 | D:3      | Noticed Terence
  2364 | D:3      | Killed Terence
  2491 | D:3      | Found a sacrificial altar of Ru.
  2687 | D:3      | Reached XP level 6. HP: 47/47 MP: 6/6
  3085 | D:3      | Found a burning altar of Makhleb.
  3274 | D:4      | Found Xothroif's General Store.
  3300 | D:4      | Found a glowing drain.
  3319 | Sewer    | Entered a sewer
  4072 | D:4      | Reached XP level 7. HP: 52/52 MP: 7/7
  4605 | D:4      | Reached skill level 5 in Armour
  4827 | D:4      | Found a hazy altar of Hepliaklqana.
  5095 | D:5      | Entered Level 5 of the Dungeon
  5395 | D:5      | Reached XP level 8. HP: 58/58 MP: 8/8
  5617 | D:5      | Found a bloodstained altar of Trog.
  6037 | D:6      | Noticed an unseen horror
  6052 | D:6      | Killed an unseen horror
  6053 | D:6      | Reached skill level 5 in Fighting
  6053 | D:6      | Reached XP level 9. HP: 54/68 MP: 9/9
  6222 | D:6      | Reached skill level 6 in Fighting
  6354 | D:6      | Found a sparkling altar of Nemelex Xobeh.
  6361 | D:6      | Found an ornate altar of the Wu Jian Council.
  6398 | D:6      | Noticed a kobold demonologist
  6400 | D:6      | Noticed a hellwing
  6402 | D:6      | Noticed an ice devil
  6433 | D:6      | Reached skill level 7 in Fighting
  6443 | D:6      | Killed a kobold demonologist
  6679 | D:6      | Reached skill level 8 in Fighting
  7324 | D:6      | Reached skill level 9 in Fighting
  7343 | D:6      | Found a sparkling altar of Nemelex Xobeh.
  7347 | D:6      | Found a broken altar of Ashenzari.
  7356 | D:6      | Learned a level 3 spell: Dazzling Flash
  7448 | D:6      | Found an iron altar of Okawaru.
  7568 | D:7      | Found a sand-covered staircase.
  7583 | Ossuary  | Entered an ossuary
  7700 | Ossuary  | Reached XP level 10. HP: 27/83 MP: 10/10
  8230 | D:7      | Reached skill level 10 in Fighting
  8427 | D:7      | Found a staircase to the Ecumenical Temple.
  8551 | D:7      | Found a radiant altar of Vehumet.
  9082 | D:7      | Found an ancient bone altar of Kikubaaqudgha.
  9158 | D:7      | Reached skill level 5 in Long Blades
  9270 | D:7      | Found a bloodstained altar of Trog.
 10225 | D:8      | Noticed Grum
 10589 | D:8      | Killed Grum
 11575 | D:9      | Got a slimy trident
 11582 | D:8      | Identified the cursed +1 trident of the Twenty Persimmons
                  | {distort, rElec rPois rN+} (You found it on level 9 of the
                  | Dungeon)
 11998 | D:9      | Reached XP level 11. HP: 72/90 MP: 11/11
 12315 | D:9      | Reached skill level 1 in Evocations
 12838 | D:9      | Noticed Erolcha
 12864 | D:9      | Mangled by Erolcha

Illustrated notes

Levels and vault maps discovered:
D:1:      roderic_chinese_lattice_arrival, layout_rooms, serial_bayou,
          serial_bayou_crossing, serial_bayou_pond_e, serial_bayou_pond_a,
          serial_bayou_pond_e
D:2:      layout_loops_ring, elyvilon_altar_3, tso_metal_star,
          chequers_ecumenical_altar_simple, chequers_arboretum
D:3:      layout_loops_corners, lightli_temple_of_fire, marbit_many_paths,
          uniq_terence
D:4:      layout_basic, nicolae_overflow_crystal_walls, serial_shops, shop,
          portal_sewer_entry_f, hangedman_decor_points
D:5:      layout_basic, minmay_misc_feat_more_columns, trog_hazing_becter
D:6:      kennysheep_big_flooded_room, layout_cave_pods,
          ashenzari_conservatory_becter, kennysheep_mini,
          overflow_temple_1_default, kennysheep_mini_moat,
          wad_floor_pattern_untrapped, grunt_decor_cap,
          corexii_leaking_fountain, nemelex_xobeh_ov_fountains_minmay
D:7:      layout_loops_ring, trog_eyes_of_draining,
          lemuel_mausoleum_altar_kikubaaqudgha, vehumet_crystals,
          minmay_temple_entry_sparse_star, lightli_ossuary_entry_decrepit_ruins,
          minmay_bent
D:8:      layout_gridville, uniq_grum
D:9:      layout_irregular_city, uniq_erolcha

Skill      XL: |  1  2  3  4  5  6  7  8  9 10 11 |
---------------+----------------------------------+-----
Shields        | 4 5 6 7 8 9 |  9.0
Armour         | 6 9 |  9.0
Fighting       | 5 9 10 | 10.0
Long Blades    | 8 |  8.9
Evocations     | 3 |  3.8

Action                   |  1- 3 |  4- 6 |  7- 9 | 10-12 || total
-------------------------+-------+-------+-------+-------++-------
Melee: Long sword        |    78 |    59 |       |       ||   137
       Whip              |       |   213 |   111 |       ||   324
       Dagger            |       |       |   340 |       ||   340
       Short sword       |       |       |    59 |   495 ||   554
       Trident           |       |       |       |   184 ||   184
 Abil: Dig               |       |     8 |     9 |     7 ||    24
  Use: Scroll            |       |    10 |     4 |       ||    14
       Potion            |       |     1 |     1 |     2 ||     4
Armor: Scale mail        |    38 |    93 |   221 |   260 ||   612
Dodge: Dodged            |    29 |   128 |   231 |   286 ||   674
Block: Kite shield       |    50 |   176 |   353 |   470 ||  1049
       Rpst.: Long sword |    10 |     7 |       |       ||    17
